 Dungeon Crawl Stone Soup version 0.24.0-37-gcf1ca852f1 (webtiles) character file.

Game seed: 14049656054932204447, levelgen mode: deterministic

181 PentaManta the Skirmisher (level 5, -8/42 HPs)
             Began as a Formicid Monk on Dec 6, 2019.
             Mangled by an ogre
             ... wielding a +0 giant club
              (14 damage)
             ... on level 4 of the Dungeon.
             The game lasted 00:06:06 (3056 turns).

PentaManta the Skirmisher (Formicid Monk)           Turns: 3056, Time: 00:06:07

Health: -8/42      AC:  9    Str: 17    XL:     5   Next: 92%
Magic:  5/5        EV:  8    Int:  9    God:
Gold:   110        SH:  0    Dex: 13    Spells: 4/4 levels left

rFire    . . .     SeeInvis +   a - +0 short sword
rCold    + . .     Gourm    .   (no shield)
rNeg     . . .     Faith    .   f - +1 chain mail
rPois    .         Spirit   .   (helmet unavailable)
rElec    .         Reflect  .   (no cloak)
rCorr    .         Harm     .   (no gloves)
MR       .....                  (no boots)
Stlth    ..........             (no amulet)
HPRegen  0.14/turn              d - ring of protection from cold
MPRegen  0.09/turn              n - ring of attention (curse)

@: no status effects
A: permanent stasis, dig shafts and tunnels, four strong arms, antennae 3
a: Dig, Shaft Self


You were on level 4 of the Dungeon.
You were very hungry.

You visited 1 branch of the dungeon, and saw 4 of its levels.

You collected 110 gold pieces.

Inventory:

Hand Weapons
 a - a +0 short sword (weapon)
 m - a +0 falchion
Missiles
 e - 14 poisoned darts (quivered)
Armour
 f - a +1 chain mail (worn)
Jewellery
 d - a ring of protection from cold (left hand)
 n - a cursed ring of attention (right hand)
Wands
 b - a wand of paralysis (5)
 k - a wand of polymorph (7)
Potions
 g - a potion of curing {unknown}
 h - a potion of flight
 i - a potion of brilliance
 j - a potion of degeneration
Comestibles
 c - 4 rations


   Skills:
 + Level 4.2 Fighting
 - Level 3.0(3.1) Short Blades
 + Level 1.4(2.4) Long Blades
 + Level 2.4 Armour
 + Level 3.5 Dodging
 + Level 4.0 Stealth


You had 4 spell levels left.
You didn't know any spells.
Your spell library was empty.

Dungeon Overview and Level Annotations

Branches:
Dungeon (4/15)
 Temple: D:4-7

Altars:
Cheibriados
Makhleb


Innate Abilities, Weirdness & Mutations

You cannot be hasted, slowed, berserked, paralysed or teleported.
You can dig through walls and to a lower floor.
Your four strong arms can wield two-handed weapons with a shield.
You have a pair of large antennae on your head. (SInv)


Message History

The poisoned dart barely misses the ogre.
The ogre completely misses you.
The ogre looks more healthy.
Throwing (i - inventory)
e - 16 poisoned darts (quivered)
Press: ? - help, Shift-Dir - straight line, f/p - ogre
Aim: an ogre, wielding a +0 giant club (lightly wounded)
You throw a poisoned dart. The poisoned dart hits the ogre.
The ogre is poisoned.
The ogre is lightly wounded.
Throwing (i - inventory)
e - 15 poisoned darts (quivered)
Press: ? - help, Shift-Dir - straight line, f/p - ogre
Aim: an ogre, wielding a +0 giant club (lightly wounded, poisoned)
You throw a poisoned dart.
The poisoned dart barely misses the ogre.
The ogre hits you with a +0 giant club!!
* * * LOW HITPOINT WARNING * * *
The ogre looks more healthy.
There is a stone staircase leading down here.
The ogre hits you with a +0 giant club!
You die...

### ..# #.# ###.#
###### ##...## #....#
###8....## #..###
#........#### #..#
#####....<.8....#
#..###.>@............#
#..##..O....8....#...#
#..##..#####...........
#..##..# #...........
#..##..#####.##........
#............###.#...##
##....(#####..........
.#############.#
#.##....(..
.....(........(# #.#
###.


You could see an ogre.

Vanquished Creatures
  A bullfrog skeleton (D:4)
  A hound (D:3)
  A hound skeleton (D:4)
  3 adders
  An ooze (D:2)
  An adder skeleton (D:4)
  4 worms
  A dart slug (D:2)
  2 leopard geckos
  A giant cockroach (D:3)
  15 goblins
  5 hobgoblins
  4 jackals (D:3)
  2 quokkas (D:3)
  5 bats
  4 frilled lizards
  8 kobolds
  6 rats
65 creatures vanquished.

Notes
Turn   | Place    | Note
-------+----------+-------------------------------------------
     0 | D:1      | PentaManta the Formicid Monk began the quest for the Orb.
     0 | D:1      | Reached XP level 1. HP: 18/18 MP: 1/1
   223 | D:1      | Reached XP level 2. HP: 15/24 MP: 2/2
   629 | D:1      | Reached skill level 1 in Armour
  1046 | D:2      | Reached XP level 3. HP: 25/29 MP: 3/3
  1164 | D:2      | Found a snail-covered altar of Cheibriados.
  1195 | D:2      | Reached XP level 4. HP: 36/37 MP: 4/4
  2368 | D:3      | Reached skill level 1 in Long Blades
  2368 | D:3      | Reached XP level 5. HP: 35/42 MP: 5/5
  2490 | D:3      | Found a burning altar of Makhleb.
  3033 | D:4      | Noticed an ogre
  3056 | D:4      | Mangled by an ogre

Levels and vault maps discovered:
D:1:      minmay_arrival_floating_metal, layout_loops_ring, nrook_mini_vaults
D:2:      layout_loops_cross, overflow_temple_1_default
D:3:      layout_loops_ring, makhleb_blood_cavern_becter, minmay_misc_feat_five,
          minmay_goblin_outpost
D:4:      layout_loops_ring, minmay_temple_entry_glass, first_ration,
          kennysheep_cross_room, grunt_ministairs_1, serial_park_tiny_1

Skill      XL: |  1  2  3  4  5 |
---------------+----------------+-----
Armour         | 1 2 |  2.4
Dodging        | 3 |  3.5
Stealth        | 3 4 |  4.0
Fighting       | 4 |  4.2
Long Blades    | 1 |  1.4
Short Blades   | |  3.0

Action                   |  1- 3 |  4- 6 || total
-------------------------+-------+-------++-------
Melee: Short sword       |   138 |   207 ||   345
Throw: Dart              |       |     4 ||     4
  Use: Scroll            |     1 |     9 ||    10
 Stab: Sleeping          |     2 |       ||     2
  Eat: Chunk             |       |     6 ||     6
Armor: Robe              |     1 |       ||     1
       Chain mail        |    64 |   135 ||   199
Dodge: Dodged            |    57 |    89 ||   146
